 Dungeon Crawl Stone Soup version 0.18.1-50-g88ac8fd (webtiles) character file.

3528 nikopol the Cleaver (level 10, -7/135 HPs)
             Began as a Hill Orc Berserker on Oct 22, 2016.
             Was an Elder of Trog.
             Mangled by nikopol's ghost (8 damage)
             ... on level 8 of the Dungeon.
             The game lasted 00:15:47 (7332 turns).

nikopol the Cleaver (Hill Orc Berserker)            Turns: 7332, Time: 00:15:48

Health: -7/135     AC: 17    Str: 27    XL:     10   Next: 8%
Magic:  10/10      EV: 11    Int:  7    God:    Trog [****..]
Gold:   321        SH:  0    Dex: 12    Spells: 0 memorised, 9 levels left

rFire  . . .     SeeInvis .     a - +0 war axe
rCold  + . .     Gourm    .     l - +0 shadow dragon armour
rNeg   . . .     Faith    .     (no shield)
rPois  .         Spirit   .     F - +0 helmet
rElec  .         Dismiss  .     k - +0 cloak
rCorr  .         Reflect  .     t - +0 pair of gloves
SustAt .         Harm     .     (no boots)
MR     .....                    (no amulet)
Stlth  ..........               (no ring)
                                C - ring of protection from cold

@: berserking (expiring), lethally poisoned (-7 -> -8), very quick, not
resistant to hostile enchantments, extremely unstealthy
A: no striking features
a: Berserk, Trog's Hand, Brothers in Arms, Burn Spellbooks, Renounce Religion


You were on level 8 of the Dungeon.
You worshipped Trog.
Trog was greatly pleased with you.
You were hungry.

You visited 1 branch of the dungeon, and saw 8 of its levels.

You collected 321 gold pieces.

Inventory:

Hand Weapons
 a - a +0 war axe (weapon)
 w - a +0 hand axe
 z - a +0 shortbow
Missiles
 p - 160 arrows (quivered)
Armour
 k - a +0 cloak (worn)
 l - a +0 shadow dragon armour (worn)
 t - a +0 pair of gloves (worn)
 D - a +1 ring mail of poison resistance
 F - a +0 helmet (worn)
Jewellery
 C - a ring of protection from cold (left hand)
Scrolls
 b - 7 scrolls of identify {unknown}
 d - a scroll of fog {unknown}
 f - 9 scrolls of remove curse {unknown}
 h - a scroll of noise {unknown}
 q - 2 scrolls of amnesia {unknown}
 u - 2 scrolls of teleportation {unknown}
 y - 2 scrolls of recharging {unknown}
 A - 2 scrolls of enchant armour {unknown}
 B - a scroll of enchant weapon {unknown}
 G - 2 scrolls of blinking {unknown}
Potions
 e - 2 potions of haste {unknown}
 g - 2 potions of lignification {unknown}
 i - 5 potions of curing {unknown}
 j - 4 potions of heal wounds {unknown}
 m - a potion of cancellation {unknown}
 n - 2 potions of berserk rage {unknown}
 r - a potion of might {unknown}
 x - 2 potions of mutation {unknown}
 H - a potion of resistance {unknown}
Comestibles
 c - 8 bread rations
 o - 2 meat rations
 s - 2 fruits
 v - 2 beef jerkies
 E - 5 chunks of flesh


   Skills:
 + Level 8.9 Fighting
 * Level 10.2 Axes
 * Level 2.2 Bows
 + Level 7.7 Armour
 + Level 5.8 Dodging


You had 9 spell levels left.
You didn't know any spells.

Dungeon Overview and Level Annotations

Branches:
Dungeon (8/15)             Temple (0/1) D:4
   Lair: D:8-11

Altars:
Ashenzari
Cheibriados
Dithmenos
Gozag
Kikubaaqudgha
Nemelex Xobeh
Yredelemnul

Shops:
D:4 *   D:5 (   D:6 (   D:7 *

Annotations:
D:8 nikopol's ghost, novice HOBe


Message History

Nikopol's ghost closely misses you.
Your shadow dragon armour prevents you from hitting the giant frog.
The giant frog is severely wounded.
You closely miss nikopol's ghost.
Nikopol's ghost is heavily damaged.
The giant frog closely misses you. Nikopol's ghost barely misses you.
The giant frog hits you but does no damage.
You closely miss the giant frog.
The giant frog is severely wounded.
You miss nikopol's ghost.
Nikopol's ghost is heavily damaged.
* * * LOW HITPOINT WARNING * * *
You feel sick. The giant frog hits you.
* * * LOW HITPOINT WARNING * * *
You barely miss nikopol's ghost.
Nikopol's ghost is heavily damaged.
You completely miss the giant frog.
The giant frog is severely wounded.
Nikopol's ghost hits you!
You die...

...........# ..........#
#.........# #.........#
#.........# #.........#
#...)WF...# #....@....#
##.........#########
....................#
....................#
...........$......).#
....................####
........................
............########....
############# #....


You could see a giant frog and nikopol's ghost.

Vanquished Creatures
  Erolcha (D:8)
  The ghost of varam the Caller, a novice MfSu (D:5)
  The ghost of varam the Sneak, an amateur HaAs (D:4)
  Edmund (D:5)
  An ice beast (D:6)
  3 sky beasts
  3 ogres
  A centaur (D:7)
  4 giant frogs
  A water moccasin zombie (D:7)
  3 scorpions
  3 killer bees (D:7)
  A howler monkey (D:4)
  A centaur zombie (D:6)
  3 crimson imps
  A wasp zombie (D:7)
  3 orc wizards
  2 centaur skeletons
  Crazy Yiuf (D:2)
  2 hounds
  3 orc priests (D:5)
  An iguana (D:7)
  9 worker ants
  12 adders
  5 shadow imps
  An adder skeleton (D:6)
  4 worms
  A dart slug (D:2)
  5 giant geckos
  14 orcs
  3 ball pythons
  11 bats
  2 giant cockroaches
  8 goblins
  5 hobgoblins
  11 jackals
  4 quokkas
  A giant gecko zombie (D:7)
  5 giant newts
  3 jackal skeletons
  8 kobolds
  A quokka skeleton (D:4)
  5 rats
159 creatures vanquished.

Notes
Turn   | Place    | Note
--------------------------------------------------------------
     0 | D:1      | nikopol the Hill Orc Berserker began the quest for the Orb.
     0 | D:1      | Reached XP level 1. HP: 19/19 MP: 1/1
   158 | D:1      | Reached XP level 2. HP: 26/27 MP: 2/2
   782 | D:2      | Reached ** piety under Trog
   782 | D:2      | Reached XP level 3. HP: 33/33 MP: 3/3
  1105 | D:2      | Noticed Crazy Yiuf
  1112 | D:2      | Killed Crazy Yiuf
  1112 | D:2      | Reached XP level 4. HP: 40/40 MP: 4/4
  1196 | D:2      | Reached skill level 5 in Axes
  1354 | D:2      | Found a faded altar to an unknown god.
  1850 | D:3      | Noticed a sky beast
  1867 | D:3      | Killed a sky beast
  1867 | D:3      | Reached XP level 5. HP: 43/47 MP: 5/5
  2220 | D:3      | Reached XP level 6. HP: 50/55 MP: 6/6
  2297 | D:3      | Reached skill level 6 in Axes
  2306 | D:3      | Reached *** piety under Trog
  2597 | D:3      | Reached skill level 5 in Fighting
  2669 | D:4      | Noticed varam's ghost (amateur HaAs)
  2683 | D:4      | Killed varam's ghost
  2683 | D:4      | Reached XP level 7. HP: 61/61 MP: 7/7
  2976 | D:4      | Reached skill level 7 in Axes
  3077 | D:4      | Found a staircase to the Ecumenical Temple.
  3215 | D:4      | Found a shattered altar of Ashenzari.
  3281 | D:4      | Found Geptus's General Store.
  3675 | D:4      | Reached skill level 5 in Armour
  3893 | D:5      | Entered Level 5 of the Dungeon
  3971 | D:5      | Reached XP level 8. HP: 70/70 MP: 8/8
  4190 | D:5      | Found Cecw's Weapon Emporium.
  4364 | D:5      | Found a basalt altar of Yredelemnul.
  4366 | D:5      | Found an ancient bone altar of Kikubaaqudgha.
  4367 | D:5      | Found a snail-covered altar of Cheibriados.
  4495 | D:5      | Reached skill level 8 in Axes
  4508 | D:5      | Noticed varam's ghost (novice MfSu)
  4520 | D:5      | Killed varam's ghost
  4599 | D:5      | Noticed Edmund
  4610 | D:5      | Killed Edmund
  4767 | D:5      | Reached XP level 9. HP: 73/79 MP: 9/9
  5055 | D:6      | Reached **** piety under Trog
  5055 | D:6      | Reached skill level 5 in Dodging
  5179 | D:6      | Found a sparkling altar of Nemelex Xobeh.
  5297 | D:6      | Found a shadowy altar of Dithmenos.
  5394 | D:6      | Found Kiuh's Weapon Shoppe.
  5537 | D:6      | Reached skill level 9 in Axes
  6290 | D:7      | HP: 4/82 [poisoned by a killer bee]
  6295 | D:7      | HP: 4/82 [poisoned by a killer bee]
  6304 | D:7      | HP: 4/82 [poisoned by a killer bee]
  6310 | D:7      | HP: 3/82 [poisoned by a killer bee]
  6316 | D:7      | HP: 2/82 [poisoned by a killer bee]
  6324 | D:7      | HP: 2/82 [poisoned by a killer bee]
  6766 | D:7      | Found Gozag's Platinum Reserve.
  6772 | D:7      | Found an opulent altar of Gozag.
  7312 | D:8      | Noticed Erolcha
  7314 | D:8      | Noticed nikopol's ghost (novice HOBe)
  7327 | D:8      | HP: 4/123 [Erolcha/giant spiked club (18)]
  7329 | D:8      | Killed Erolcha
  7329 | D:8      | Reached skill level 10 in Axes
  7329 | D:8      | Reached XP level 10. HP: 2/90 MP: 10/10
  7331 | D:8      | HP: 1/135 [giant frog (1)]
  7332 | D:8      | Mangled by nikopol's ghost

Skill      XL: |  1  2  3  4  5  6  7  8  9 |
---------------+----------------------------+-----
Dodging        | 2 3 4 5 |  5.8
Fighting       | 4 5 6 7 8 |  8.9
Axes           | 5 6 7 8 10 | 10.2
Armour         | 3 4 5 6 7 |  7.7
Bows           | 2 |  2.2

Action                   |  1- 3 |  4- 6 |  7- 9 | 10-12 || total
-------------------------+-------+-------+-------+-------++-------
Melee: Hand axe          |    67 |   202 |       |       ||   269
       War axe           |       |    12 |   349 |     3 ||   364
 Fire: Shortbow          |       |       |    18 |       ||    18
Invok: Berserk           |     1 |     2 |     3 |       ||     6
       Trog's Hand       |       |       |     1 |       ||     1
 Stab: Sleeping          |       |     4 |     8 |       ||    12
       Distracted        |       |     1 |       |       ||     1
  Eat: Chunk             |     1 |     7 |    18 |       ||    26
Armor: Animal skin       |     2 |       |       |       ||     2
       Scale mail        |    17 |       |       |       ||    17
       Shadow dragon arm |     2 |   182 |   221 |     1 ||   406
Dodge: Dodged            |    40 |   100 |   198 |     3 ||   341
